 Dungeon Crawl Stone Soup version 0.28-a0-46-g7b1be97da7 (webtiles) character file.

Game seed: 7712414009416244399

84 zero the Conjurer (level 4, -1/24 HPs)
             Began as a Gargoyle Conjurer on July 29, 2021.
             Slain by a centaur (2 damage)
             ... on level 4 of the Dungeon.
             The game lasted 00:01:37 (1794 turns).

zero the Conjurer (Gargoyle Conjurer)               Turns: 1794, Time: 00:01:38

Health: -1/24      AC:  5    Str: 10    XL:     4   Next: 45%
Magic:  0/8        EV: 11    Int: 20    God:
Gold:   92         SH:  3    Dex:  8    Spells: 5/8 levels left

rFire   . . .      SeeInvis .   b - +0 morningstar
rCold   . . .      Faith    .   g - +0 buckler
rNeg    + . .      Spirit   .   a - +0 robe
rPois   ∞          Reflect  .   (no helmet)
rElec   +          Harm     .   (no cloak)
rCorr   .          Rampage  .   (no gloves)
Will    .....                   (no boots)
Stlth   ++........              (no amulet)
HPRegen 0.08/turn               (no ring)
MPRegen 0.11/turn               (no ring)

@: no status effects
A: sickness immunity, AC +3, negative energy resistance 1, electricity
resistance, torment resistance 1, petrification resistance
a: no special abilities


You were on level 4 of the Dungeon.
You visited 1 branch of the dungeon, and saw 3 of its levels.

You collected 92 gold pieces.

Inventory:

Hand Weapons
 b - a +0 morningstar (weapon)
Armour
 a - a +0 robe (worn)
 g - a +0 buckler (worn)
Scrolls
 c - a scroll of identify {unknown}
 d - a scroll of vulnerability {unknown}
 e - 2 scrolls of teleportation {unknown}
 h - a scroll of holy word {unknown}
Potions
 f - a potion of curing {unknown}
 i - a potion of might {unknown}


   Skills:
 + Level 0.9 Fighting
 + Level 1.5 Maces & Flails
 - Level 1.5 Dodging
 - Level 2.1 Stealth
 + Level 1.0 Shields
 + Level 2.8 Spellcasting
 + Level 5.0 Conjurations


You had 5 spell levels left.
You knew the following spells:

 Your Spells              Type           Power      Damage    Failure   Level
a - Magic Dart            Conj           92%        1d7       2%          1
b - Searing Ray           Conj           46%        3d4       4%          2

Your spell library contained the following spells:

 Spells                   Type           Power      Damage    Failure   Level
 Dazzling Flash           Conj/Hex       26%        N/A       22%         3
 Fulminant Prism          Conj/Hex       6%         3d7       58%         4
 Iskenderun's Mystic Bla  Conj/Tloc      13%        2d5       58%         4


Dungeon Overview and Level Annotations

Branches:
Dungeon (2/15)

Altars:


Innate Abilities, Weirdness & Mutations

You are immune to sickness and miasma.
Your stone body is resilient. (AC +3)
You are immune to poison.
You resist negative energy. (rN+)
You are resistant to electric shocks. (rElec)
You are resistant to unholy torment.
You are immune to petrification.


Message History

The endoplasm closely misses you.
You sock the endoplasm!
You kill the endoplasm!
A centaur comes into view.
The magic dart hits the centaur but does no damage.
The centaur shouts!
The centaur wields a +0 shortbow.
The centaur shoots an arrow.
The arrow closely misses you.
The magic dart hits the orc.
The orc is moderately wounded.
The orc hits you with a +0 flail!
The magic dart hits the orc.
You kill the orc!
The centaur shoots an arrow.
The arrow hits you!
* * * LOW HITPOINT WARNING * * *
You are too injured to fight recklessly!
You are too injured to fight recklessly!
Casting: Magic Dart (safe; 2% risk of failure)
Confirm with . or Enter, or press ? or * to list all spells.
Aiming: Searing Ray (safe; 4% risk of failure)
Press: ? - help, Shift-Dir - straight line, f - centaur
Aim: a centaur, wielding a +0 shortbow and quivering arrows (87% to hit)
The searing ray hits the centaur!
The centaur is moderately wounded. (Press . to maintain the ray.)
The centaur unwields a +0 shortbow.
The centaur barely misses you.
The centaur kicks you but does no damage.
A goblin comes into view. It is wielding a +0 dagger.
The searing ray hits the centaur!
The centaur is severely wounded.
The centaur barely misses you.
The centaur kicks you but does no damage.
The centaur hits you.
* * * LOW HITPOINT WARNING * * *
The centaur closely misses you.
The searing ray hits the centaur.
The centaur is severely wounded.
The goblin shouts!
The centaur hits you.
You die...

#######.#
########...[...#
................
.#######@#.#####
.......c.......
.######.#.#####
#.#+# #.. #..
#g. #...


You could see a centaur and a goblin.

Vanquished Creatures
  A centaur skeleton (D:2)
  A gnoll (D:1)
  A dart slug (D:1)
  An orc (D:4)
  3 bats
  7 endoplasms
  2 giant cockroaches
  5 goblins
  A hobgoblin (D:2)
  3 jackals (D:2)
  3 kobolds
  A quokka (D:1)
  4 ball pythons
  3 frilled lizards (D:2)
  2 rats (D:2)
38 creatures vanquished.

Notes
Turn   | Place    | Note
-------+----------+-------------------------------------------
     0 | D:1      | zero the Gargoyle Conjurer began the quest for the Orb.
     0 | D:1      | Reached XP level 1. HP: 10/10 MP: 3/3
   337 | D:1      | Reached XP level 2. HP: 15/15 MP: 1/5
   340 | D:1      | Learned a level 2 spell: Searing Ray
   464 | D:1      | Found a faded altar of an unknown god.
   763 | D:1      | Reached skill level 1 in Maces & Flails
   763 | D:1      | Reached XP level 3. HP: 9/19 MP: 3/6
  1368 | D:2      | Reached skill level 5 in Conjurations
  1368 | D:2      | Reached XP level 4. HP: 12/24 MP: 2/8
  1709 | D:2      | Reached skill level 1 in Shields
  1783 | D:2      | You fall into a shaft and drop 2 floors!
  1787 | D:4      | Noticed a centaur
  1793 | D:4      | HP: 1/24 [centaur (4)]
  1794 | D:4      | Slain by a centaur

Illustrated notes

Levels and vault maps discovered:
D:1:      nzn_arrival_crosshair, layout_loops_ring, basic_ecumenical_altar
D:2:      layout_loops_ring
D:4:      layout_basic

Skill      XL: |  1  2  3  4 |
---------------+-------------+-----
Maces & Flails | 1 |  1.5
Conjurations   | 5 |  5.0
Shields        | 1 |  1.0
Fighting       | |  0.9
Dodging        | |  1.5
Stealth        | |  2.1
Spellcasting   | |  2.8

Action                   |  1- 3 |  4- 6 || total
-------------------------+-------+-------++-------
Melee: Morningstar       |    27 |    29 ||    56
 Cast: Magic Dart        |    37 |     7 ||    44
       Searing Ray       |     1 |     1 ||     2
Armor: Robe              |    24 |    21 ||    45
Dodge: Dodged            |    30 |    29 ||    59
Block: Buckler           |     1 |     8 ||     9

Table legend: (Time is in decaauts)
 A = Elapsed time spent in this place.
 B = Non-inter-level travel time spent in this place.
 C = Inter-level travel time spent in this place.
 D = Time resting spent in this place.
 E = Time spent auto-exploring this place.
 F = Levels seen in this place.
 G = Mean time per level.
                   A        B        C        D        E       F      G
               +--------+--------+--------+--------+--------+-----+--------+
         Total |   1820 |   1744 |     76 |    385 |   1116 |   3 |  606.7 |
       Dungeon |   1820 |   1744 |     76 |    385 |   1116 |   3 |  606.7 |
               +--------+--------+--------+--------+--------+-----+--------+

Top non-repeatable levels by time:
     D:1: 1180 daAuts
     D:2: 628 daAuts
     D:4: 11 daAuts
